 Dungeon Crawl Stone Soup version 0.31.0-9-g3a7656b989 (webtiles) character file.

Game seed: 17223252839090999626

6248 GreatBamboolord the Skirmisher (level 10, -1/83 HPs)
             Began as a Barachi Hunter on Jan 29, 2024.
             Was a Priest of Cheibriados.
             Slain by a seven-headed hydra (14 damage)
             ... on level 9 of the Dungeon.
             The game lasted 00:21:53 (7788 turns).

GreatBamboolord the Skirmisher (Barachi Hunter)     Turns: 7788, Time: 00:21:53

Health: -1/83      AC:  6    Str: 21    XL:     10   Next: 93%
Magic:  16/16      EV: 22    Int: 25    God:    Cheibriados [***...]
Gold:   1048       SH:  0    Dex: 35    Spells: 9/17 levels left

rFire   . . .        a - +2 shortbow
rCold   . . .        (shield currently unavailable)
rNeg    . . .        m - +0 troll leather armour
rPois   .            D - +0 helmet
rElec   .            (no cloak)
rCorr   +            i - +1 pair of gloves
SInv    .            (no boots)
Will    .....        (no amulet)
Stlth   ++++         M - ring "Tonusiext" {rCorr Dex+3}
HPRegen 1.13/turn    N - ring "Ligud" {Int+6 Dex+6}
MPRegen 0.15/turn

%: no passive effects
@: about to teleport, unable to hop, studying Ranged Weapons, very slow
A: amphibious, slowness 1, strong legs 1, +LOS
a: Hop, Renounce Religion, Bend Time, Temporal Distortion


You were on level 9 of the Dungeon.
You worshipped Cheibriados.
Cheibriados was most pleased with you.
You visited 2 branches of the dungeon, and saw 10 of its levels.

You collected 1219 gold pieces.
You spent 171 gold pieces at shops.

Inventory:

Hand Weapons
 a - a +2 shortbow (weapon)
Armour
 i - a +1 pair of gloves (worn)
 m - a +0 troll leather armour (worn)
 D - a +0 helmet (worn)
Jewellery
 g - a +5 ring of evasion
 h - a ring of positive energy
 p - a ring of poison resistance
 x - a ring of protection from cold
 y - a +6 ring of strength
 G - a ring of magical power
 H - a +5 ring of evasion
 M - the ring "Tonusiext" (left hand) {rCorr Dex+3}
   (You acquired it on level 8 of the Dungeon)

   [ring of resist corrosion]

   Dex+3:     It affects your dexterity (+3).
   rCorr:     It protects you from acid and corrosion.
 N - the ring "Ligud" (right hand) {Int+6 Dex+6}
   (You acquired it on level 8 of the Dungeon)

   [ring of intelligence]

   Int+6:     It affects your intelligence (+6).
   Dex+6:     It affects your dexterity (+6).
Wands
 e - a wand of charming (17)
 t - a wand of mindburst (4)
 u - a wand of flame (38)
 J - a wand of acid (7)
 K - a wand of iceblast (10)
Scrolls
 j - 3 scrolls of fog
 k - 2 scrolls of immolation
 l - a scroll of poison
 o - a scroll of noise {unknown}
 s - 3 scrolls of silence
 v - a scroll of vulnerability {unknown}
 F - a scroll of teleportation
 I - 2 scrolls of enchant armour {unknown}
Potions
 d - a potion of enlightenment {unknown}
 f - a potion of heal wounds
 n - 2 potions of resistance {unknown}
 r - a potion of curing
 z - a potion of invisibility {unknown}
 A - 3 potions of attraction
 B - 3 potions of mutation
 C - 2 potions of degeneration {unknown}
 E - 2 potions of brilliance {unknown}
 L - a potion of magic {unknown}


   Skills:
 * Level 9.3 Fighting
 * Level 9.4 Ranged Weapons
 * Level 8.5 Dodging
 + Level 5.2 Stealth
 * Level 4.3 Spellcasting
 + Level 2.9 Hexes
 * Level 4.6 Translocations
 + Level 3.2 Invocations


You had 9 spell levels left.
You knew the following spells:

 Your Spells              Type           Power      Damage    Failure   Level
a - Dimensional Bullseye  Hex/Tloc       12%        N/A       22%         4
b - Passage of Golubria   Tloc           28%        N/A       16%         4

Your spell library contained the following spells:

 Spells                   Type           Power      Damage    Failure   Level
 Tukima's Dance           Hex            20%        N/A       9%          3
 Stone Arrow              Conj/Erth      10%        3d7       30%         3
 Iskenderun's Mystic Bla  Conj/Tloc      17%        2d5       36%         4
 Animate Armour           Summ/Erth      10%        N/A       69%         4
 Yara's Violent Unravell  Hex/Alch       6%         3d5       83%         5
 Lehudib's Crystal Spear  Conj/Erth      2%         10d2      100%        8


Dungeon Overview and Level Annotations

Branches:
Dungeon (9/15)             Temple (1/1) D:4            Lair (0/5) D:8
    Orc: D:9-12

Altars:
Ashenzari
Cheibriados
Dithmenos
Elyvilon
Fedhas
Gozag
Hepliaklqana
Kikubaaqudgha
Makhleb
Nemelex Xobeh
Okawaru
Qazlal
Ru
Sif Muna
Trog
Uskayaw
Vehumet
Wu Jian
Xom
Yredelemnul
Zin
The Shining One

Shops:
D:8 (:*

Annotations:
D:5 1 runed translucent door, dertzug's ghost, novice TrFi
D:8 2 transporters


Innate Abilities, Weirdness & Mutations

You are amphibious.
You cover ground slowly.
You can hop short distances.
You have an extended range of vision and can be seen from far away.


Message History

Your butterfly dies!
Your butterfly disappears in a burst of colours!
The seven-headed hydra closely misses your butterfly.
The seven-headed hydra barely misses your butterfly.
The seven-headed hydra bites your butterfly!
Your butterfly dies!
Your butterfly disappears in a burst of colours!
You see here a scroll labelled XISYEC BEIW.
Unknown command.
Unknown command.
You swap places.
The seven-headed hydra bites you. x2
The seven-headed hydra barely misses you.
The seven-headed hydra completely misses you.
The seven-headed hydra bites you but does no damage.
The seven-headed hydra barely misses you.
The seven-headed hydra completely misses you.
The seven-headed hydra bites you. The seven-headed hydra bites you!
The seven-headed hydra barely misses you.
The seven-headed hydra bites you. x3
* * * LOW HITPOINT WARNING * * *
The seven-headed hydra misses you.
There is an open door, spattered with blood here.
Unknown command.
As you read the scroll of teleportation, it crumbles to dust.
You feel strangely unstable.
The seven-headed hydra bites you but does no damage.
The seven-headed hydra closely misses you.
The seven-headed hydra barely misses you.
The seven-headed hydra misses you.
The seven-headed hydra bites you but does no damage.
The seven-headed hydra misses you. The seven-headed hydra bites you.
* * * LOW HITPOINT WARNING * * *
Unknown command.
The seven-headed hydra misses you. x2; The seven-headed hydra bites you!
* * * LOW HITPOINT WARNING * * *
The seven-headed hydra bites you.
* * * LOW HITPOINT WARNING * * *
The seven-headed hydra completely misses you. x2
The seven-headed hydra bites you!
You die...

###..##..##.#.....#.#.#.##.....<#
..#...####..#.###.#.#.#..#.####.#
####........#.. ....#.#..#.# #..
#######.#########.#####....# ##รท
..##.......# ....... #.#### ##
#.#.u#####..##.#b#)# #.# ##.
..#.# .##'#'#'#+##.#######..
.##.# #.##.b.#...##.#..##.###
.u..# #.....@#...........## #
.##.# #.###D###'###.#..#.## ..#.#
#b..b...##.#..#..# #.#..
#.?.b...##.#.....## ..##..
#.......##.#...#..## #######.###
####.#####..#......# R..........
..... ...####..... ####.......
##..####..###.....# # ..#..# ..##
..#........##


You could see a seven-headed hydra (ally target).

Vanquished Creatures
  A two-headed ogre (D:9)
  A manticore (D:9)
  A troll (D:9)
  Sigmund (D:3)
  Eustachio (D:4)
  8 yaks
  5 wyverns
  A steam dragon (D:9)
  2 acid dragons (D:9)
  3 water moccasins
  A black bear (D:6)
  An orc warrior (D:9)
  2 sky beasts
  An ogre (D:4)
  2 centaurs
  A phantom (D:5)
  2 bullfrogs (D:9)
  A kobold brigand (D:9)
  A scorpion (D:6)
  6 wights
  3 killer bees (D:9)
  2 jellies
  3 orc priests
  3 bombardier beetles
  4 hounds
  2 iguanas
  5 sleepcaps
  6 orc wizards
  3 gnolls (D:5)
  4 adders
  A shadow imp (D:5)
  A white imp (D:8)
  2 ribbon worms
  2 dart slugs
  27 orcs
  5 ball pythons
  5 bats
  2 endoplasms (D:2)
  3 giant cockroaches
  4 goblins
  8 hobgoblins
  4 kobolds
  4 quokkas
  6 frilled lizards
  3 rats (D:1)
154 creatures vanquished.

Vanquished Creatures (collateral kills)
  An endoplasm (D:3)
1 creature vanquished.

Vanquished Creatures (others)
  A yak (D:9)
1 creature vanquished.

Grand Total: 156 creatures vanquished

Notes
Turn   | Place    | Note
-------+----------+-------------------------------------------
     0 | D:1      | GreatBamboolord the Barachi Hunter began the quest for the
                  | Orb.
     0 | D:1      | Reached XP level 1. HP: 17/17 MP: 1/1
    14 | D:1      | Found a faded altar of an unknown god.
    75 | D:1      | Reached skill level 1 in Stealth
   201 | D:1      | Reached XP level 2. HP: 23/23 MP: 2/2
   468 | D:2      | Reached XP level 3. HP: 29/29 MP: 3/3
   568 | D:2      | You fall into a shaft and drop 2 floors!
   603 | D:3      | Noticed Sigmund
   745 | D:3      | Killed Sigmund
   746 | D:3      | Reached XP level 4. HP: 24/37 MP: 4/4
   746 | D:3      | Reached XP level 5. HP: 27/42 MP: 5/5
   813 | D:3      | Found a shimmering altar of Xom.
  1039 | D:2      | Reached skill level 5 in Ranged Weapons
  1107 | D:2      | Reached XP level 6. HP: 48/48 MP: 6/6
  1210 | D:3      | Found a stormy altar of Qazlal.
  1652 | D:4      | Noticed Eustachio
  1669 | D:4      | Killed Eustachio
  1865 | D:4      | Reached XP level 7. HP: 48/55 MP: 7/7
  1877 | D:4      | Reached skill level 5 in Fighting
  2145 | D:4      | Found a staircase to the Ecumenical Temple.
  2209 | Temple   | Entered the Ecumenical Temple
  2218 | Temple   | Became a worshipper of Cheibriados the Contemplative
  2354 | D:4      | Reached skill level 5 in Dodging
  2659 | D:5      | Entered Level 5 of the Dungeon
  2753 | D:5      | Found an opulent altar of Gozag.
  2757 | D:5      | Found a blossoming altar of Fedhas.
  2790 | D:5      | Found a runed translucent door.
  2988 | D:5      | Reached XP level 8. HP: 60/64 MP: 8/8
  3023 | D:5      | Reached * piety under Cheibriados
  3059 | D:5      | Noticed dertzug's ghost (novice TrFi)
  3373 | D:5      | Found a white marble altar of Elyvilon.
  3615 | D:6      | Reached skill level 1 in Invocations
  3623 | D:6      | Found an iron altar of Okawaru.
  4470 | D:7      | Noticed a wyvern
  4476 | D:7      | Killed a wyvern
  4477 | D:7      | Reached XP level 9. HP: 72/72 MP: 10/10
  4482 | D:7      | Learned a level 4 spell: Dimensional Bullseye
  4487 | D:7      | Learned a level 4 spell: Passage of Golubria
  4922 | D:7      | Reached ** piety under Cheibriados
  4923 | D:7      | Reached skill level 1 in Spellcasting
  4923 | D:7      | Reached skill level 1 in Translocations
  5161 | D:8      | Found a transporter.
  5161 | D:8      | Noticed a kobold demonologist
  5162 | D:8      | Found Ocepp's Antique Weapon Shop.
  5247 | D:8      | Found a transporter.
  5273 | D:8      | Reached skill level 1 in Hexes
  5506 | D:8      | Found Rimana's Book Boutique.
  5631 | D:8      | Found Wosuploe's Assorted Antiques.
  5635 | D:8      | Found a staircase to the Lair.
  5658 | D:8      | Bought a scroll of identify for 70 gold pieces
  5658 | D:8      | Bought a bubbling grey potion for 31 gold pieces
  5658 | D:8      | Bought a scroll labelled SIERIHO ZEUNY for 35 gold pieces
  5658 | D:8      | Bought a scroll labelled XOTELE HIAMM for 35 gold pieces
  5658 | D:8      | Identified 4 scrolls of acquirement
  5660 | D:8      | Acquired the ring "Tonusiext" {rCorr Dex+3}
  5666 | D:8      | Acquired 888 gold pieces
  5670 | D:8      | Acquired the ring "Ligud" {Int+6 Dex+6}
  5679 | D:8      | Acquired a manual of Ranged Weapons
  6072 | D:9      | Reached XP level 10. HP: 81/81 MP: 12/14
  6298 | D:9      | Reached *** piety under Cheibriados
  6844 | D:9      | Noticed a two-headed ogre
  6853 | D:9      | Killed a two-headed ogre
  6854 | D:9      | Reached skill level 5 in Stealth
  7008 | D:9      | Noticed a centaur warrior
  7008 | D:9      | Noticed a seven-headed hydra
  7008 | D:9      | Noticed a rakshasa
  7137 | D:9      | Noticed a manticore
  7147 | D:9      | Killed a manticore
  7222 | D:9      | Noticed a white ugly thing
  7224 | D:9      | Noticed a purple ugly thing
  7788 | D:9      | Slain by a seven-headed hydra

Illustrated notes

Levels and vault maps discovered:
D:1:      nzn_arrival_water_spiral, layout_rooms,
          hellmonk_ecumenical_altar_lost_god, minmay_crystal_room
D:2:      layout_rooms
D:3:      layout_rooms, brannock_xom_greatest_gift,
          mainiacjoe_overflow_alcove_2, hangedman_decor_riveting,
          minmay_misc_feat_tower, minmay_goblin_kobold_house, uniq_sigmund
D:4:      layout_basic, minmay_temple_entry_purple_smoke, minivault_27,
          grunt_decor_cap, uniq_eustachio
D:5:      layout_rooms, kennysheep_mini_moat, grunt_temple_overflow_open,
          ebering_ghost_sewer_d
D:6:      layout_loops_ring, mainiacjoe_overflow_24_doors
D:7:      layout_gridville
D:8:      gammafunk_wand_slinger, layout_cave_pools, lair_entry_dummy,
          serial_shops, nicolae_take_the_stairs, shop,
          nicolae_shop_window_shopping, grunt_decor_mini_mirrors
D:9:      minmay_the_grid_3x2 [minmay_the_grid_holed_spiral,
          minmay_the_grid_aliased_spiral, minmay_the_grid_stretched_grid,
          minmay_the_grid_tree, minmay_the_grid_odd_star,
          minmay_the_grid_prize_inner_circle], layout_layer_cave
Temple:   eino_temple_scatter_basement

Skill      XL: |  1  2  3  4  5  6  7  8  9 10 |
---------------+-------------------------------+-----
Stealth        | 1 2 3 4 5 |  5.2
Fighting       | 3 4 6 7 8 9 |  9.3
Dodging        | 3 4 5 6 7 8 |  8.5
Ranged Weapons | 5 6 7 8 9 |  9.4
Invocations    | 1 2 3 |  3.2
Spellcasting   | 2 4 |  4.3
Translocations | 2 4 |  4.6
Hexes          | 1 2 |  2.9

Action                     |  1- 3 |  4- 6 |  7- 9 | 10-12 || total
---------------------------+-------+-------+-------+-------++-------
   Fire: Shortbow          |   104 |    79 |   412 |   177 ||   772
  Throw: Dart              |     3 |       |       |       ||     3
Ability: Hop               |     2 |       |     5 |     7 ||    14
  Evoke: Wand              |       |       |       |     1 ||     1
    Use: Scroll            |     1 |     4 |    12 |     5 ||    22
         Potion            |     1 |       |     5 |       ||     6
 Armour: Leather armour    |    20 |    11 |   103 |    36 ||   170
         Skin              |       |       |     1 |       ||     1
         Troll leather arm |       |       |       |    29 ||    29
  Dodge: Dodged            |    36 |    25 |   246 |   129 ||   436
